 Dungeon Crawl Stone Soup version 0.19.1 (webtiles) character file.

2317 DakAttack the Spear-Bearer (level 9, 0/81 HPs)
             Began as a Minotaur Gladiator on Dec 5, 2016.
             Was an Elder of Okawaru.
             Splashed by an orc's acid (15 damage)
             ... on level 6 of the Dungeon.
             The game lasted 00:08:40 (4954 turns).

DakAttack the Spear-Bearer (Minotaur Gladiator)     Turns: 4954, Time: 00:08:41

Health: 0/81       AC:  4    Str: 20    XL:     9   Next: 18%
Magic:  8/8        EV: 16    Int:  5    God:    Okawaru [****..]
Gold:   256        SH:  0    Dex: 14    Spells: 0 memorised, 8 levels left

rFire  . . .     SeeInvis .     t - +2 trident (venom)
rCold  . . .     Gourm    .     b - +0 leather armour
rNeg   . . .     Faith    .     (no shield)
rPois  .         Spirit   .     c - +1 hat
rElec  .         Reflect  .     (no cloak)
rCorr  .         Harm     .     (no gloves)
MR     .....                    (no boots)
Stlth  ++........               (no amulet)
                                k - +4 ring of slaying
                                i - ring of stealth

@: no status effects
A: retaliatory headbutt, horns 2
a: Heroism, Renounce Religion


You were on level 6 of the Dungeon.
You worshipped Okawaru.
Okawaru was greatly pleased with you.
You were hungry.

You visited 1 branch of the dungeon, and saw 6 of its levels.
You also visited: Sewer.

You collected 256 gold pieces.

Inventory:

Hand Weapons
 a - a +1 trident
 t - a +2 trident of venom (weapon)
Missiles
 d - 2 throwing nets (quivered)
Armour
 b - a +0 leather armour (worn)
 c - a +1 hat (worn)
Jewellery
 i - a ring of stealth (left hand)
 k - a +4 ring of slaying (right hand)
 D - an uncursed ring of positive energy {unknown}
 F - an uncursed ring of stealth
Wands
 C - a wand of iceblast (8/15)
Scrolls
 m - a scroll of enchant armour
 p - a scroll of amnesia
 q - a scroll of remove curse
 w - 5 scrolls of teleportation
 x - 2 scrolls of recharging
 y - a scroll of magic mapping
 A - 3 scrolls of fog
 B - 2 scrolls of enchant weapon
 E - 2 scrolls of identify
Potions
 e - 5 potions of might
 g - 3 potions of curing
 j - a potion of flight
 l - a potion of brilliance
 n - 2 potions of mutation {unknown}
 o - a potion of lignification {unknown}
 r - a potion of heal wounds
 s - a potion of cancellation {unknown}
 u - 2 potions of ambrosia {unknown}
 v - a potion of agility {unknown}
 z - 3 potions of magic {unknown}
Comestibles
 f - 5 bread rations
 h - 3 meat rations


   Skills:
 + Level 8.1 Fighting
 + Level 8.3 Polearms
 - Level 2.0 Throwing
 + Level 6.7 Armour
 + Level 7.5 Dodging


You had 8 spell levels left.
You didn't know any spells.

Dungeon Overview and Level Annotations

Branches:
Dungeon (6/15)             Temple (0/1) D:4

Altars:
Ashenzari
Cheibriados
Gozag
Okawaru
Qazlal
Zin


Innate Abilities, Weirdness & Mutations

You reflexively headbutt those who attack you in melee.
You have a pair of horns on your head.


Message History

Press: ? - help, Dir - move target cursor, f - orc warrior
Aim: an orc warrior, wielding a dire flail and wearing a plate armour (hasn't noticed you)
You reach to attack!
You barely miss the orc warrior.
The orc warrior shouts!
The orc shouts!
You hear a shout!
You hear a loud, deep croak!
You hear a shout!
A bullfrog and an orc come into view.
You hit the orc warrior but do no damage.
The orc warrior is poisoned.
Your headbutt misses the orc warrior.
The orc warrior hits you with a dire flail!
You hit the orc warrior but do no damage.
The orc warrior looks as sick as possible!
The orc warrior hits you with a dire flail!!
The deep elf mage gestures wildly while chanting.
The deep elf mage blinks!
An orc comes into view. It is wielding a mace.
Unknown command.
The orc zaps a wand.
The bolt of acid hits you!
* * * LOW HITPOINT WARNING * * *
You are splashed with acid!
The acid burns!
You die...

.# .# .. ..# #### .. ..#.
...# .#..... ##.#
##.#.... ##.#######
...... ##.......# #..<#
########.########.o.#.###
................@.o.F..o.
................#5.8o..8.
......†.......†.#.Z#§..#o
................#..# ..#
############'##.#..# e#
................#..# #
..#############.#..#
..#.............#..#
.<#.............#


You could see an orc warrior, a bullfrog, a quasit, 3 orcs and a hound zombie.

Vanquished Creatures
  The ghost of DakAttack the Cudgeler, a novice GrGl of Okawaru (D:6)
  A wyvern (D:6)
  Edmund (D:6)
  An ice beast (D:6)
  2 sky beasts
  A black bear (D:4)
  2 ogres
  A centaur (D:4)
  4 bullfrogs
  A scorpion (D:3)
  A howler monkey (D:4)
  2 bullfrog zombies (D:5)
  A crimson imp (D:3)
  2 hounds
  4 orc wizards
  2 orc priests (D:4)
  A bullfrog skeleton (D:5)
  Jessica (D:2)
  2 worker ants
  9 adders
  5 river rats
  4 oozes
  3 worms
  2 dart slugs (D:2)
  3 leopard geckos
  21 orcs
  6 bats
  5 giant cockroaches
  9 goblins
  11 hobgoblins
  6 jackals
  11 kobolds
  3 quokkas
  13 ball pythons
  13 frilled lizards
  34 rats
189 creatures vanquished.

Notes
Turn   | Place    | Note
-------+----------+-------------------------------------------
     0 | D:1      | DakAttack the Minotaur Gladiator began the quest for the Orb.
     0 | D:1      | Reached XP level 1. HP: 18/18 MP: 0/0
   281 | D:1      | Reached XP level 2. HP: 26/26 MP: 1/1
   762 | D:2      | Reached XP level 3. HP: 31/31 MP: 2/2
   790 | D:2      | Found an iron altar of Okawaru.
   807 | D:2      | Became a worshipper of Warmaster Okawaru
   821 | D:2      | Found an opulent altar of Gozag.
  1088 | D:2      | Reached skill level 1 in Armour
  1152 | D:2      | Noticed Jessica
  1170 | D:2      | Killed Jessica
  1170 | D:2      | Reached XP level 4. HP: 18/40 MP: 3/3
  1775 | D:3      | Reached XP level 5. HP: 46/46 MP: 4/4
  1871 | D:3      | Reached skill level 5 in Polearms
  2187 | D:3      | Reached * piety under Okawaru
  2226 | D:3      | Found a glowing silver altar of Zin.
  2226 | D:3      | Found a snail-covered altar of Cheibriados.
  2254 | D:3      | Reached XP level 6. HP: 53/53 MP: 5/5
  2448 | D:4      | Reached skill level 5 in Fighting
  2476 | D:4      | Found a staircase to the Ecumenical Temple.
  2491 | D:4      | Reached skill level 5 in Dodging
  2556 | D:4      | Reached ** piety under Okawaru
  2563 | D:4      | Reached XP level 7. HP: 50/61 MP: 6/6
  2761 | D:4      | Found a glowing drain.
  2771 | Sewer    | Entered a sewer
  3503 | D:5      | Entered Level 5 of the Dungeon
  3512 | D:5      | Reached XP level 8. HP: 64/71 MP: 7/7
  3599 | D:5      | Reached skill level 5 in Armour
  3656 | D:5      | Reached *** piety under Okawaru
  3916 | D:5      | Found a stormy altar of Qazlal.
  3916 | D:5      | Found an opulent altar of Gozag.
  3921 | D:5      | Found a faded altar of an unknown god.
  3923 | D:5      | Found a faded altar of an unknown god.
  3925 | D:5      | Found a faded altar of an unknown god.
  4121 | D:5      | Found a shattered altar of Ashenzari.
  4272 | D:6      | Noticed Edmund
  4280 | D:6      | Killed Edmund
  4906 | D:6      | Noticed DakAttack's ghost (novice GrGl)
  4934 | D:6      | Killed DakAttack's ghost
  4934 | D:6      | Reached **** piety under Okawaru
  4934 | D:6      | Reached XP level 9. HP: 50/81 MP: 8/8
  4950 | D:6      | Noticed a deep elf mage
  4954 | D:6      | Splashed by an orc's acid

Skill      XL: |  1  2  3  4  5  6  7  8  9 |
---------------+----------------------------+-----
Fighting       | 3 4 5 6 7 8 |  8.1
Polearms       | 4 5 6 8 |  8.3
Armour         | 1 2 3 4 6 |  6.7
Dodging        | 4 5 6 7 |  7.5
Throwing       | |  2.0

Action                   |  1- 3 |  4- 6 |  7- 9 || total
-------------------------+-------+-------+-------++-------
Melee: Trident           |   101 |    98 |   228 ||   427
       Headbutt          |     7 |    14 |    36 ||    57
Throw: Throwing net      |       |       |     1 ||     1
  Use: Scroll            |     6 |     9 |     4 ||    19
       Potion            |       |       |     3 ||     3
 Stab: Sleeping          |     6 |    10 |     2 ||    18
       Distracted        |       |     1 |       ||     1
  Eat: Chunk             |     1 |     4 |     6 ||    11
       Beef jerky        |       |       |     1 ||     1
Armor: Leather armour    |    16 |     9 |    38 ||    63
Dodge: Dodged            |    33 |    34 |   120 ||   187
